 Dungeon Crawl Stone Soup version 0.20-a0-470-gbb038bd (webtiles) character file.

270 HAL9000 the Slasher (level 6, -8/47 HPs)
             Began as a Barachian Fighter on Jan 13, 2017.
             Mangled by an ogre
             ... wielding a +0 giant club
              (21 damage)
             ... on level 4 of the Dungeon.
             The game lasted 00:06:09 (2823 turns).

HAL9000 the Slasher (Barachian Fighter)             Turns: 2823, Time: 00:06:10

Health: -8/47      AC:  6    Str: 16    XL:     6   Next: 22%
Magic:  6/6        EV:  7    Int:  6    God:
Gold:   139        SH:  9    Dex: 11    Spells: 5/5 levels left

rFire  . . .     SeeInvis .     a - +0 long sword
rCold  . . .     Gourm    .     b - +0 scale mail
rNeg   . . .     Faith    .     c - +0 shield
rPois  .         Spirit   .     (no helmet)
rElec  .         Reflect  .     (no cloak)
rCorr  .         Harm     .     (no gloves)
MR     .....                    (no boots)
Stlth  ..........               (no amulet)
                                (no ring)
                                q - +5 ring of slaying

@: slow
A: swims, slowness 1, strong legs 1
a: Hop


You were on level 4 of the Dungeon.
You were not hungry.

You visited 1 branch of the dungeon, and saw 4 of its levels.

You collected 139 gold pieces.

Inventory:

Hand Weapons
 a - a +0 long sword (weapon)
Missiles
 w - a javelin (quivered)
Armour
 b - a +0 scale mail (worn)
 c - a +0 shield (worn)
Jewellery
 q - a +5 ring of slaying (left hand)
Wands
 y - a wand of flame (11/48)
Scrolls
 g - 5 scrolls of remove curse
 j - a scroll of blinking {unknown}
 k - a scroll of fog {unknown}
 l - a scroll of enchant armour {unknown}
 n - 3 scrolls of identify {unknown}
 p - a scroll of enchant weapon {unknown}
 u - 4 scrolls of magic mapping {unknown}
 v - a scroll of fear {unknown}
 A - 2 scrolls of teleportation {unknown}
Potions
 d - 3 potions of might
 i - 2 potions of cancellation {unknown}
 m - a potion of resistance {unknown}
 r - 5 potions of curing {unknown}
 s - a potion of flight {unknown}
 t - a potion of agility {unknown}
 B - a potion of heal wounds {unknown}
 C - 2 potions of cure mutation {unknown}
Comestibles
 f - 3 bread rations
 o - a beef jerky
 x - 7 fruits
 z - a slice of pizza


   Skills:
 - Level 3.2 Fighting
 * Level 6.2 Long Blades
 - Level 3.2 Armour
 + Level 4.1 Shields


You had 5 spell levels left.
You didn't know any spells.

Dungeon Overview and Level Annotations

Branches:
Dungeon (4/15)
 Temple: D:4-7

Altars:
Gozag


Innate Abilities, Weirdness & Mutations

You can swim through water.
You cover ground slowly.
You can hop short distances.


Message History

You kill the hound!
The ogre barely misses you.
You slash the ogre!
The ogre is moderately wounded.
The ogre hits you with a giant club.
A frilled lizard comes into view.
You barely miss the ogre.
The ogre is moderately wounded.
The ogre closely misses you.
You hit the ogre.
The ogre is heavily wounded.
The ogre hits you with a giant club!!
* * * LOW HITPOINT WARNING * * *
Your shield and scale mail prevent you from hitting the ogre.
The ogre is heavily wounded.
You block the ogre's attack.
You slash the ogre!
The ogre is severely wounded.
The ogre hits you with a giant club!!
You die...

#.#####..
########.......#
#<..............
########........
#.........
#..#####.. #..#
. #..#####..#
#@......>..
#O#######.#
#######l#######
#..............
#.....(....####
#..........#
#....(.....#
#..........#
#..........#


You could see an ogre and a frilled lizard.

Vanquished Creatures
  A howler monkey (D:4)
  A hound (D:4)
  Jessica (D:3)
  5 adders
  6 gnolls (D:3)
  2 oozes
  2 dart slugs (D:1)
  A leopard gecko (D:2)
  3 giant cockroaches
  5 hobgoblins
  6 jackals
  7 bats
  4 frilled lizards
  4 goblins
  14 kobolds
  7 rats
69 creatures vanquished.

Notes
Turn   | Place    | Note
-------+----------+-------------------------------------------
     0 | D:1      | HAL9000 the Barachian Fighter began the quest for the Orb.
     0 | D:1      | Reached XP level 1. HP: 18/18 MP: 1/1
   158 | D:1      | Reached XP level 2. HP: 11/24 MP: 2/2
   159 | D:1      | Reached skill level 3 in Long Blades
   568 | D:1      | Reached XP level 3. HP: 29/29 MP: 3/3
   808 | D:2      | Reached skill level 4 in Long Blades
  1414 | D:2      | Reached XP level 4. HP: 32/35 MP: 4/4
  2066 | D:3      | Found an opulent altar of Gozag.
  2102 | D:3      | Reached skill level 5 in Long Blades
  2107 | D:3      | Reached XP level 5. HP: 24/41 MP: 5/5
  2659 | D:3      | Noticed Jessica
  2661 | D:3      | Killed Jessica
  2809 | D:4      | Reached skill level 6 in Long Blades
  2809 | D:4      | Reached XP level 6. HP: 40/47 MP: 6/6
  2823 | D:4      | Mangled by an ogre

Vault maps used:
D:1:      dpeg_arrival_tiny_c
D:2:      first_bread
D:3:      lemuel_coloured_pillars_altar, uniq_jessica
D:4:      grunt_qazlal_clouds, dancing_weapons_uskayaw, supply_closet_lemuel

Skill      XL: |  1  2  3  4  5 |
---------------+----------------+-----
Long Blades    | 3 4 5 6 |  6.2
Shields        | 4 |  4.1
Fighting       | |  3.2
Armour         | |  3.2

Action                   |  1- 3 |  4- 6 || total
-------------------------+-------+-------++-------
Melee: Long sword        |   102 |    95 ||   197
Throw: Javelin           |       |     2 ||     2
  Use: Scroll            |       |     1 ||     1
  Eat: Chunk             |     1 |     2 ||     3
       Bread ration      |       |     1 ||     1
Armor: Scale mail        |    53 |    32 ||    85
Dodge: Dodged            |    42 |    35 ||    77
Block: Shield            |    67 |    36 ||   103
       Rpst.: Long sword |    14 |    14 ||    28
